Workbook

Sheet First Screen
B2: From Marketscreener's Revolve Screen
B3: https://www.marketscreener.com/REVOLVE-GROUP-LLC-59178690/company/
A4: 1) | B4: BooHoo Group
A5: 2) | B5: N Brown Group. Has homewares too and a focus on underserved customers.
B7: From Marketscreener's ASOS.com Screen
B8: https://www.marketscreener.com/stock-exchange/sectors/World-99/Consumer_Cyclical-53/Retailers-40/Diversified_Retail-20/Department_Stores-10/Internet_Mail_Order_Department_Stores-13/
A9: 1) | B9: Zozo Inc | C9: Japan
A10: 2) | B10: Verkkokauppa.com | C10: Finish Online Retailer which sells everythign | J10: Others are involved in like healthcare products, or focus on electronics, or they do everything like amazon
A11: 3) | B11: Amazon.com XX because they also allow others to resell | J11: One of them is even the Key Opinion Leader in China
A12: 4) | B12: ASOS
A13: 5) | B13: Wayfair is online bed bath & beyond
A14: 6) | B14: LightInTheBox Holding US full retail. I think they specialize in having discount and sales? Low end maybe?
A15: XX | B15: Ruhnn Holding | C15: KOL business model not sustainable in the long run https://asia.nikkei.com/Business/Startups/China-s-top-influencer-factory-Ruhnn-faces-test-with-US-listing
A16: XX | B16: Yunji enables ecommerce via wechat
A17: XX | B17: Pinduoduo has a peer-to-peer approach
B19: From Marketscreener's Farfetch Screen
B20: https://www.marketscreener.com/stock-exchange/sectors/World-99/Technology-57/Software_IT_Services-20/Software_IT_Services-10/Internet_Services-30/E_commerce_Auction_Services-13/
A21: 1) | B21: Bootz AB Swedish based just does apparel
A23: XX | B23: Express, Inc has stores
A24: XX | B24: Overstock.com bed bath & beyond equivalent
B25: JD.com is like amazon
B26: mercadolibre is like amazon for south america
A27: ? | B27: Secoo has cosmetics as well. Consider? It seems high end
B28: Qliro Group is like the Swedish Amazon
A30: ** | B30: Isit simialr to Mogu Inc in China? (Same screen)
B32: OTHERS
B33: Mathcesfashion valued at 1billion in 2017 was bought by Apax Partners

Sheet Details
A1: Detail
A3: 1) | B3: BooHoo Group | C3: UK
A4: 2) | B4: Zozo Inc | C4: Japan
A5: 3) | B5: ASOS | C5: International
A6: 4) | B6: Bootz AB | C6: Swedish
A7: 5) | B7: Secoo | C7: China
A8: 6) | B8: Mogu Inc | C8: China | D8: Recenetly IPO-ed so wont have enough info

Sheet Template
A1: Date : 15th of July 2019
A2: 1
A3: Date | B3: Company Name | C3: Exchange / Ticker | D3: Currency | E3: Cash | F3: Debt | G3: Share Count ^ | H3: Diluted Count | J3: ^ Weighted average share capital
J4: Weighted average shares in issue for basic earnings per share
J5: Usually under the notes,
A6: Revenue | J6: Earnings per share section
A7: Year to 31 Aug 2018 | B7: 6mths to 28th Feb 2018 | C7: 6mths to 28th Feb 2019 | D7: 12mths trailing Revenue
D8: =A8-B8+C8 -> 0
A9: Gross Profit
A10: Year to 31 Aug 2018 | B10: 6mths to 28th Feb 2018 | C10: 6mths to 28th Feb 2019 | D10: Gross Margins
D11: =(A11-B11+C11)/D8 -> #DIV/0!
A13: Operating Profit
A14: Year to 31 Aug 2018 | B14: 6mths to 28th Feb 2018 | C14: 6mths to 28th Feb 2019 | D14: 12mth trailing Operating Profit | E14: EBIT Margin
D15: =A15-B15+C15 -> 0 | E15: =D15/D8 -> #DIV/0!
A17: D&A
A18: Year to 31 Aug 2018 | B18: 6mths to 28th Feb 2018 | C18: 6mths to 28th Feb 2019 | D18: 12mth trailing D&A | E18: 12mth trailing EBITDA | F18: * Caution. Sometimes the Operating profit given
D19: =(A19-B19+C19) -> 0 | E19: =D15-D19 -> 0
A21: Profit
A22: Year to 31 Aug 2018 | B22: 6mths to 28th Feb 2018 | C22: 6mths to 28th Feb 2019 | D22: 12mths trailing Profit
D23: =A23-B23+C23 -> 0
A25: Yahoo Finance
A26: Share Price | B26: Market Cap ($m) | C26: Price to Earnings Ratio | D26: Enterprise Value | E26: EV/EBITDA
C27: =B27/D23 -> #DIV/0! | D27: =B27+F4-E4 -> 0 | E27: =D27/E19 -> #DIV/0!
A29: 2016 Revenue | B29: 2017 Revenue | C29: 2018 Revenue | D29: Revenue CAGR
D30: =(((B30-A30)/A30)+((C30-B30)/B30))/2 -> #DIV/0!

Sheet Trading Comparables
B2: Date : 15th of July 2019
B3: List of Peers | G3: in millions, USD | J3: Based on original currency and units
B4: Company Name | C4: Exchange / Ticker | D4: Currency | E4: Units | F4: Market Cap | G4: Adjusted Market Cap | H4: Price to Earnings Ratio | I4: EV/EBITDA | J4: 12mths trailing Revenue | K4: 12mth trailing EBITDA | L4: Revenue CAGR | M4: Gross Margins | N4: EBIT Margin
B5: ASOS | C5: =ASOS!C4 -> LON: ASC | D5: £m | E5: millions | F5: =ASOS!B24 -> 2179.929 | G5: =F5*1.25 -> 2724.9113 | H5: =ASOS!C24 -> 35.795222 | I5: =ASOS!E24 -> 22.063691 | J5: =ASOS!D8 -> 2573.7 | K5: =ASOS!E16 -> 97.8 | L5: =ASOS!D27 -> 0.2939787 | M5: =ASOS!D31 -> 0.50806232 | N5: =ASOS!E12 -> 0.029801453
B6: Boohoo Group PLC | C6: =Boohoo!C4 -> LON: BOO | D6: =Boohoo!D4 -> £m | E6: thousands | F6: =Boohoo!B24 -> 2419057.7 | G6: =F6*1.25/1000 -> 3023.8221 | H6: =Boohoo!C24 -> 51.087784 | I6: =Boohoo!E24 -> 30.693099 | J6: =Boohoo!D8 -> 856920 | K6: =Boohoo!E16 -> 72601 | L6: =Boohoo!D27 -> 0.72300788 | M6: =Boohoo!D31 -> 0.54730197 | N6: =Boohoo!E12 -> 0.068477804
B7: Boozt AB | C7: =Boozt!C4 -> STO: BOOZT | D7: =Boozt!D4 -> SEK | E7: millions | F7: =Boozt!B24 -> 2864.4424 | G7: =F7*0.11 -> 315.08867 | H7: =Boozt!C24 -> 85.251263 | I7: =Boozt!E24 -> 23.10717 | J7: =Boozt!D8 -> 2944.5 | K7: =Boozt!E16 -> 116.1 | L7: =Boozt!D27 -> 0.41233865 | M7: =Boozt!D31 -> 0.39561895 | N7: =Boozt!E12 -> 0.018169469
B8: Secoo Holding | C8: ='Secoo Holding Limited'!C4 -> NASDAQ: SECO | D8: ='Secoo Holding Limited'!D4 -> USD | E8: thousands | F8: ='Secoo Holding Limited'!B31 -> 182135.94 | G8: =F8/1000 -> 182.13594 | H8: ='Secoo Holding Limited'!C31 -> 8.953469 | I8: ='Secoo Holding Limited'!E31 -> 7.8357946 | J8: ='Secoo Holding Limited'!D8 -> 838353.05 | K8: ='Secoo Holding Limited'!E23 -> 34234.3 | L8: ='Secoo Holding Limited'!D11 -> 0.44120824 | M8: ='Secoo Holding Limited'!D15 -> 0.18703337 | N8: ='Secoo Holding Limited'!E19 -> 0.037671838
B9: Zozo | C9: =Zozo!C4 -> TYO: 3092 | D9: =Zozo!D4 -> Yen | E9: millions | F9: =Zozo!B31 -> 584869.87 | G9: =F9*0.0093 -> 5439.2898 | H9: =Zozo!C31 -> 36.588669 | I9: =Zozo!E31 -> 21.169296 | J9: =Zozo!D8 -> 118405 | K9: =Zozo!E23 -> 27649 | L9: =Zozo!D11 -> 0.24570334 | M9: =Zozo!D15 -> 0.88646594 | N9: =Zozo!E19 -> 0.21666315
B11: Mogu Inc | C11: ='Mogu Inc'!C4 -> NYSE: MOGU | D11: ='Mogu Inc'!D4 -> USD | E11: thousands | F11: ='Mogu Inc'!B24 -> 3407036 | G11: =F11/1000 -> 3407.036 | H11: ='Mogu Inc'!C24 -> -21.068672 | I11: ='Mogu Inc'!E24 -> -58.695374 | J11: ='Mogu Inc'!D8 -> 160072 | K11: ='Mogu Inc'!E16 -> -54805 | L11: ='Mogu Inc'!D27 -> 0.24961481 | M11: ='Mogu Inc'!D31 -> 0.015592983 | N11: ='Mogu Inc'!E12 -> -0.53449073
B12: Revolve Group | C12: NYSE:RVLV | D12: USD | E12: thousands | F12: ='Revolve Group'!A24 -> 2530000 | G12: =F12/1000 -> 2530 | H12: ='Revolve Group'!B24 -> 83.586626 | I12: ='Revolve Group'!D24 -> 56.846912 | J12: ='Revolve Group'!D8 -> 522777 | K12: ='Revolve Group'!E16 -> 44027 | L12: ='Revolve Group'!D27 -> 0.26417843 | M12: ='Revolve Group'!D31 -> 0.53488772 | N12: ='Revolve Group'!E12 -> 0.078798417
B13: All Trading Comps are hidden in other sheets
G14: 1) Based on the limited list of close peers & using a Median EV/EBITDA multiple, Revolve Group looks overpriced at $37.73 as compared to our current fair value of $22.52. 2) However if we base the EV/EBITDA multiple on the high end of our range, similar to the Boohoo Group, then the price can be explained 3) There are many similarities between the two companies. Similar Gross Margins, similar EBIT margins & relatively similar Revenues. Albeit the Boohoo group has been growing at a faster rate. 4) It is possible that due to the lack of fresh fashion ecommerce stocks & lack of well-known companies to retail investors, that the popular Revolve Group has had people clamouring for the stock. 5) However the Revolve Group has been facing some selling pressures, we believe it is due to the fact that people are understanding that its P/E ratio is unsustainable. Either growth explodes, or the price falls. 6) Do remember that the compnay IPO-ed at $18. For conservative investors, we aim for a Target price of $23.
B15: Percentile | C15: Min | D15: Median | E15: Max
B16: EV/EBITDA Range | C16: =MIN(I5:I9) -> 7.8357946 | D16: =MEDIAN(I5:I9) -> 22.063691 | E16: =MAX(I5:I9) -> 30.693099
B18: Revolve Group's EBITDA | D18: ='Revolve Group'!E16 -> 44027 | E18: ='Revolve Group'!E16 -> 44027
B19: EV/EBITDA selected | D19: =D16 -> 22.063691 | E19: =I6 -> 30.693099
B20: Implied Enterprise Value | D20: =D19*D18 -> 971398.13 | E20: =E19*E18 -> 1351325.1
B21: Add: Net Cash | D21: ='Revolve Group'!E4 -> 27201 | E21: ='Revolve Group'!E4 -> 27201
B22: Less: Total Debt | D22: ='Revolve Group'!F4 -> 0 | E22: ='Revolve Group'!F4 -> 0
B24: Implied Equity Value | D24: =D20-D21+D22 -> 944197.13 | E24: =E20-E21+E22 -> 1324124.1
B25: Total Shares Outstanding | D25: ='Revolve Group'!G4 -> 41936 | E25: ='Revolve Group'!G4 -> 41936
B26: Fair Value Per Share | D26: =D24/D25 -> 22.515193 | E26: =E24/E25 -> 31.574878
B27: Current Share Price | D27: 37.73 | E27: 37.73

Sheet ASOS
A1: Date : 15th of July 2019
A2: 1 | D2: in millions
A3: Date | B3: Company Name | C3: Exchange / Ticker | D3: Currency | E3: Cash | F3: Debt | G3: Share Count ^ | H3: Diluted Count
A4: Year end 28th February | B4: ASOS | C4: LON: ASC | D4: £m | E4: 22.1 | F4: 0 | G4: 83522184 | H4: 83789884
F5: ( needs to be -60)
A6: Revenue | G6: 26.15 | H6: pounds
A7: Year to 31 Aug 2018 | B7: 6mths to 28th Feb 2018 | C7: 6mths to 28th Feb 2019 | D7: 12mths trailing Revenue
A8: 2417.3 | B8: 1158.1 | C8: 1314.5 | D8: =A8-B8+C8 -> 2573.7
A10: Operating Profit
A11: Year to 31 Aug 2018 | B11: 6mths to 28th Feb 2018 | C11: 6mths to 28th Feb 2019 | D11: 12mth trailing Operating Profit | E11: EBIT Margin
A12: 101.9 | B12: 29.7 | C12: 4.5 | D12: =A12-B12+C12 -> 76.7 | E12: =D12/D8 -> 0.029801453
A14: D&A
A15: Year to 31 Aug 2018 | B15: 6mths to 28th Feb 2018 | C15: 6mths to 28th Feb 2019 | D15: 12mth trailing D&A | E15: 12mth trailing EBITDA
A16: 17 | B16: 7.8 | C16: 11.9 | D16: =(A16-B16+C16) -> 21.1 | E16: =D12+D16 -> 97.8
A18: Profit
A19: Year to 31 Aug 2018 | B19: 6mths to 28th Feb 2018 | C19: 6mths to 28th Feb 2019 | D19: 12mths trailing Profit
A20: 82.4 | B20: 24.5 | C20: 3 | D20: =A20-B20+C20 -> 60.9
A22: Yahoo Finance
A23: Share Price (pence) | B23: Market Cap ($m) | C23: Price to Earnings Ratio | D23: Enterprise Value | E23: EV/EBITDA
A24: 2610 | B24: =G4*A24/1000000/100 -> 2179.929 | C24: =B24/D20 -> 35.795222 | D24: =B24+F4-E4 -> 2157.829 | E24: =D24/E16 -> 22.063691
A26: 2016 Revenue | B26: 2017 Revenue | C26: 2018 Revenue | D26: Revenue CAGR
A27: 1444.9 | B27: 1923.6 | C27: 2417.3 | D27: =(((B27-A27)/A27)+((C27-B27)/B27))/2 -> 0.2939787
A29: Gross Profit
A30: Year to 31 Aug 2018 | B30: 6mths to 28th Feb 2018 | C30: 6mths to 28th Feb 2019 | D30: Gross Margins
A31: 1237.1 | B31: 569.4 | C31: 639.9 | D31: =(A31-B31+C31)/D8 -> 0.50806232

Sheet Boohoo
A1: Date : 15th of July 2019 | C1: All in thousands except per share data and share count
A2: 1 | D2: in thousands
A3: Date | B3: Company Name | C3: Exchange / Ticker | D3: Currency | E3: Cash | F3: Debt | G3: Share Count ^ | H3: Diluted Count | J3: ^ Weighted average share capital
A4: Year end 28th February | B4: Boohoo Group PLC | C4: LON: BOO | D4: £m | E4: 197872 | F4: 7164 | G4: 1154130568 | H4: 1174434862 | J4: Weighted average shares in issue for basic earnings per share
A6: Revenue
A7: Year ended 28th Feb 2019 | B7: 6mths to 31st August 2018 | C7: 6mths to 31st August 2017 | D7: 12mths trailing Revenue
A8: 856920 | D8: =A8-B8+C8 -> 856920
A10: Operating Profit
A11: Year ended 28th Feb 2019 | B11: 6mths to 31st August 2018 | C11: 6mths to 31st August 2017 | D11: 12mth trailing Operating Profit | E11: EBIT Margin
A12: 58680 | D12: =A12-B12+C12 -> 58680 | E12: =D12/D8 -> 0.068477804
A14: D&A
A15: Year ended 28th Feb 2019 | B15: 6mths to 31st August 2018 | C15: 6mths to 31st August 2017 | D15: 12mth trailing D&A | E15: 12mth trailing EBITDA
A16: 13921 | D16: =(A16-B16+C16) -> 13921 | E16: =D12+D16 -> 72601
A18: Profit
A19: Year ended 28th Feb 2019 | B19: 6mths to 31st August 2018 | C19: 6mths to 31st August 2017 | D19: 12mths trailing Profit
A20: 47351 | D20: =A20-B20+C20 -> 47351
D21: s
A22: Yahoo Finance
A23: Share Price | B23: Market Cap (thousands) | C23: Price to Earnings Ratio | D23: Enterprise Value | E23: EV/EBITDA | G23: > Share Price converted in pounds from pence
A24: 209.6 | B24: =A24*G4/100/1000 -> 2419057.7 | C24: =B24/D20 -> 51.087784 | D24: =B24+F4-E4 -> 2228349.7 | E24: =D24/E16 -> 30.693099 | G24: > Market Cap divided by thousand to achieve same units
A26: 2017 Revenue | B26: 2018 Revenue | C26: 2019 Revenue | D26: Revenue CAGR
A27: 294.6 | B27: 579.8 | C27: 856.9 | D27: =(((B27-A27)/A27)+((C27-B27)/B27))/2 -> 0.72300788
A29: Gross Profit
A30: Year ended 28th Feb 2019 | B30: 6mths to 31st August 2018 | C30: 6mths to 31st August 2017 | D30: Gross Margins
A31: 468994 | D31: =(A31-B31+C31)/D8 -> 0.54730197

Sheet Boozt
A1: Date : 15th of July 2019
A2: 1 | D2: in millions
A3: Date | B3: Company Name | C3: Exchange / Ticker | D3: Currency | E3: Cash | F3: Debt | G3: Share Count ^ | H3: Diluted Count | J3: ^ Weighted average share capital
A4: Year end 31st March 2019 | B4: Boozt | C4: STO: BOOZT | D4: SEK | E4: 272.9 | F4: =66.1+25.1 -> 91.2 | G4: 56609534 | H4: 57624505 | J4: Weighted average shares in issue for basic earnings per share
J5: Usually under the notes,
A6: Revenue | J6: Earnings per share section
A7: Year ended 31st Dec 2018 | B7: 3mths ended 31st Mar 2018 | C7: 3mths ended 31st Mar 2019 | D7: 12mths trailing Revenue
A8: 2784 | B8: 551.9 | C8: 712.4 | D8: =A8-B8+C8 -> 2944.5
A10: Operating Profit
A11: Year ended 31st Dec 2018 | B11: 3mths ended 31st Mar 2018 | C11: 3mths ended 31st Mar 2019 | D11: 12mth trailing Operating Profit | E11: EBIT Margin
A12: 68.1 | B12: -6.4 | C12: -21 | D12: =A12-B12+C12 -> 53.5 | E12: =D12/D8 -> 0.018169469
A14: D&A
A15: Year ended 31st Dec 2018 | B15: 3mths ended 31st Mar 2018 | C15: 3mths ended 31st Mar 2019 | D15: 12mth trailing D&A | E15: 12mth trailing EBITDA | F15: * Caution. Sometimes the Operating profit given
A16: 49.1 | B16: 11 | C16: 24.5 | D16: =(A16-B16+C16) -> 62.6 | E16: =D12+D16 -> 116.1
A18: Profit
A19: Year ended 31st Dec 2018 | B19: 3mths ended 31st Mar 2018 | C19: 3mths ended 31st Mar 2019 | D19: 12mths trailing Profit
A20: 42.6 | B20: -11.2 | C20: -20.2 | D20: =A20-B20+C20 -> 33.6
A22: Yahoo Finance
A23: Share Price | B23: Market Cap | C23: Price to Earnings Ratio | D23: Enterprise Value | E23: EV/EBITDA
A24: 50.6 | B24: =A24*G4/1000000 -> 2864.4424 | C24: =B24/D20 -> 85.251263 | D24: =B24+F4-E4 -> 2682.7424 | E24: =D24/E16 -> 23.10717
A26: 2016 Revenue | B26: 2017 Revenue | C26: 2018 Revenue | D26: Revenue CAGR
A27: 1396.4 | B27: 2016.4 | C27: 2784 | D27: =(((B27-A27)/A27)+((C27-B27)/B27))/2 -> 0.41233865
A29: Gross Profit
A30: Year ended 31st Dec 2018 | B30: 3mths ended 31st Mar 2018 | C30: 3mths ended 31st Mar 2019 | D30: Gross Margins
A31: 1113.1 | B31: 217.9 | C31: 269.7 | D31: =(A31-B31+C31)/D8 -> 0.39561895

Sheet Secoo Holding Limited
A1: Date : 15th of July 2019 | C1: http://secfilings.nasdaq.com/filingFrameset.asp?FilingID=13481791&RcvdDate=6/7/2019&CoName=REVOLVE%20GROUP%2C%20INC.&FormType=424B4&View=html
A2: 1 | D2: in thousands
A3: Date | B3: Company Name | C3: Exchange / Ticker | D3: Currency | E3: Cash | F3: Debt | G3: Share Count ^ | H3: Diluted Count | J3: All in thousands
B4: Secoo Holding Limited | C4: NASDAQ: SECO | D4: USD | E4: 102625 | F4: =19955+168787 -> 188742 | G4: 25122199 | H4: 26095951 | J4: per share data
A6: Revenue
A7: Year ended 31st Dec 2018 | B7: 3mths ended 31st Mar 2018 | C7: 3mths ended 31st Mar 2019 | D7: 12mths trailing Revenue
A8: 783590 | B8: =0.15*B9 -> 120373.95 | C8: 175137 | D8: =A8-B8+C8 -> 838353.05
B9: 802493 | C9: in RMB
A10: 2016 Revenue | B10: 2017 Revenue | C10: 2018 Revenue | D10: Revenue CAGR | E10: in RMB
A11: 2593822 | B11: 3740455 | C11: 5387577 | D11: =(((B11-A11)/A11)+((C11-B11)/B11))/2 -> 0.44120824
A13: Gross Profit
A14: Year ended 31st Dec 2018 | B14: 3mths ended 31st Mar 2018 | C14: 3mths ended 31st Mar 2019 | D14: Gross Margins
A15: 139587 | B15: =0.15*B16 -> 19773 | C15: 36986 | D15: =(A15-B15+C15)/D8 -> 0.18703337
B16: 131820 | C16: in RMB
A17: Operating Profit
A18: Year ended 31st Dec 2018 | B18: 3mths ended 31st Mar 2018 | C18: 3mths ended 31st Mar 2019 | D18: 12mth trailing Operating Profit | E18: EBIT Margin
A19: 31892 | B19: =0.15*B20 -> 3494.7 | C19: 3185 | D19: =A19-B19+C19 -> 31582.3 | E19: =D19/D8 -> 0.037671838
B20: 23298 | C20: in RMB
A21: D&A
A22: Year ended 31st Dec 2018 | B22: 3mths ended 31st Mar 2018 | C22: 3mths ended 31st Mar 2019 | D22: 12mth trailing D&A | E22: 12mth trailing EBITDA
A23: 2652 | D23: =(A23-B23+C23) -> 2652 | E23: =D19+D23 -> 34234.3 | F23: couldn’t find 3 months data
A25: Profit
A26: Year ended 31st Dec 2018 | B26: 3mths ended 31st Mar 2018 | C26: 3mths ended 31st Mar 2019 | D26: 12mths trailing Profit
A27: 22083 | B27: =0.15*B28 -> 3850.5 | C27: 2110 | D27: =A27-B27+C27 -> 20342.5
B28: 25670 | C28: in RMB
A29: Yahoo Finance
A30: Share Price | B30: Market Cap | C30: Price to Earnings Ratio | D30: Enterprise Value | E30: EV/EBITDA
A31: 7.25 | B31: =A31*G4/1000 -> 182135.94 | C31: =B31/D27 -> 8.953469 | D31: =B31+F4-E4 -> 268252.94 | E31: =D31/E23 -> 7.8357946

Sheet Zozo
A1: Date : 15th of July 2019 | C1: http://secfilings.nasdaq.com/filingFrameset.asp?FilingID=13481791&RcvdDate=6/7/2019&CoName=REVOLVE%20GROUP%2C%20INC.&FormType=424B4&View=html
A2: 1 | D2: millions
A3: Date | B3: Company Name | C3: Exchange / Ticker | D3: Currency | E3: Cash | F3: Debt | G3: Share Count ^ | H3: Diluted Count | J3: All in thousands
B4: Zozo | C4: TYO: 3092 | D4: Yen | E4: 21560 | F4: 22000 | G4: 306214590 | J4: per share data
A6: Revenue | G6: Average number of shares of common stock outstanding during the fiscal year
A7: Year ended 31st Dec 2018 | B7: 3mths ended 31st Mar 2018 | C7: 3mths ended 31st Mar 2019 | D7: 12mths trailing Revenue
D8: 118405
A10: 2016 Revenue | B10: 2017 Revenue | C10: 2018 Revenue | D10: Revenue CAGR | E10: in RMB
A11: 76393 | B11: 98432 | C11: 118405 | D11: =(((B11-A11)/A11)+((C11-B11)/B11))/2 -> 0.24570334
A13: Gross Profit
A14: Year ended 31st Dec 2018 | B14: 3mths ended 31st Mar 2018 | C14: 3mths ended 31st Mar 2019 | D14: Gross Margins
A15: 104962 | D15: =(A15-B15+C15)/D8 -> 0.88646594
A17: Operating Profit
A18: Year ended 31st Dec 2018 | B18: 3mths ended 31st Mar 2018 | C18: 3mths ended 31st Mar 2019 | D18: 12mth trailing Operating Profit | E18: EBIT Margin
D19: 25654 | E19: =D19/D8 -> 0.21666315
A21: D&A
A22: Year ended 31st Dec 2018 | B22: 3mths ended 31st Mar 2018 | C22: 3mths ended 31st Mar 2019 | D22: 12mth trailing D&A | E22: 12mth trailing EBITDA
D23: =1518+477 -> 1995 | E23: =D19+D23 -> 27649
A25: Profit
A26: Year ended 31st Dec 2018 | B26: 3mths ended 31st Mar 2018 | C26: 3mths ended 31st Mar 2019 | D26: 12mths trailing Profit
D27: 15985
A29: Yahoo Finance
A30: Share Price | B30: Market Cap | C30: Price to Earnings Ratio | D30: Enterprise Value | E30: EV/EBITDA
A31: 1910 | B31: =A31*G4/1000000 -> 584869.87 | C31: =B31/D27 -> 36.588669 | D31: =B31+F4-E4 -> 585309.87 | E31: =D31/E23 -> 21.169296
A32: Yen
A34: https://d31ex0fa3i203z.cloudfront.net/wp/en/wp-content/uploads/2019/04/190425_E_Consolidated-Financial-Results-FY2018.pdf
A35: https://d31ex0fa3i203z.cloudfront.net/wp/en/wp-content/uploads/2019/04/190425_E_2019_4Q.pdf

Sheet Mogu Inc
A1: Date : 15th of July 2019
A2: 1 | D2: in thousands
A3: Date | B3: Company Name | C3: Exchange / Ticker | D3: Currency | E3: Cash | F3: Debt | G3: Share Count ^ | H3: Diluted Count | J3: ^ Weighted average share capital
A4: Year end 31st March 2019 | B4: Mogu Inc | C4: NYSE: MOGU | D4: USD | E4: 190236 | F4: 0 | G4: 1247998533 | H4: 1247998533 | J4: Weighted average shares in issue for basic earnings per share
J5: Usually under the notes,
A6: Revenue | J6: Earnings per share section
A7: Year ended 31st Dec 2018 | B7: 3mths ended 31st Mar 2018 | C7: 3mths ended 31st Mar 2019 | D7: 12mths trailing Revenue
D8: 160072
A10: Operating Profit
A11: Year ended 31st Dec 2018 | B11: 3mths ended 31st Mar 2018 | C11: 3mths ended 31st Mar 2019 | D11: 12mth trailing Operating Profit | E11: EBIT Margin
D12: -85557 | E12: =D12/D8 -> -0.53449073
A14: D&A
A15: Year ended 31st Dec 2018 | B15: 3mths ended 31st Mar 2018 | C15: 3mths ended 31st Mar 2019 | D15: 12mth trailing D&A | E15: 12mth trailing EBITDA | F15: * Caution. Sometimes the Operating profit given
D16: 30752 | E16: =D12+D16 -> -54805
A18: Profit
A19: Year ended 31st Dec 2018 | B19: 3mths ended 31st Mar 2018 | C19: 3mths ended 31st Mar 2019 | D19: 12mths trailing Profit
D20: -161711 | E20: -72460
A22: Yahoo Finance
A23: Share Price | B23: Market Cap | C23: Price to Earnings Ratio | D23: Enterprise Value | E23: EV/EBITDA
A24: 2.73 | B24: =A24*G4/1000 -> 3407036 | C24: =B24/D20 -> -21.068672 | D24: =B24+F4-E4 -> 3216800 | E24: =D24/E16 -> -58.695374 | F24: Cause negative EBITDA | G24: Something seems wrong
A26: 2017 Revenue | B26: 2018 Revenue | C26: 2019 Revenue | D26: Revenue CAGR | E26: In Rmb
A27: 325335 | B27: 416335 | C27: 507728 | D27: =(((B27-A27)/A27)+((C27-B27)/B27))/2 -> 0.24961481
A29: Gross Profit
A30: 12 mths trailing | B30: 6mths to 28th Feb 2018 | C30: 6mths to 28th Feb 2019 | D30: Gross Margins
A31: =160072-46756-110820 -> 2496 | D31: =(A31-B31+C31)/D8 -> 0.015592983

Sheet Revolve Group
A1: Date : 15th of July 2019 | C1: http://secfilings.nasdaq.com/filingFrameset.asp?FilingID=13481791&RcvdDate=6/7/2019&CoName=REVOLVE%20GROUP%2C%20INC.&FormType=424B4&View=html
A2: 1 | D2: in thousands
A3: Date | B3: Company Name | C3: Exchange / Ticker | D3: Currency | E3: Cash | F3: Debt | G3: Share Count ^ | H3: Diluted Count | J3: All in thousands
A4: Year end 31st March 2019 | B4: Revolve Group | C4: NYSE: RVLV | D4: USD | E4: 27201 | F4: 0 | G4: 41936 | H4: 44821 | J4: per share data
A6: Revenue
A7: Year ended 31st Dec 2018 | B7: 3mths ended 31st Mar 2018 | C7: 3mths ended 31st Mar 2019 | D7: 12mths trailing Revenue
A8: 498739 | B8: 113305 | C8: 137343 | D8: =A8-B8+C8 -> 522777
A10: Operating Profit
A11: Year ended 31st Dec 2018 | B11: 3mths ended 31st Mar 2018 | C11: 3mths ended 31st Mar 2019 | D11: 12mth trailing Operating Profit | E11: EBIT Margin
A12: 41798 | B12: 7505 | C12: 6901 | D12: =A12-B12+C12 -> 41194 | E12: =D12/D8 -> 0.078798417
A14: D&A
A15: Year ended 31st Dec 2018 | B15: 3mths ended 31st Mar 2018 | C15: 3mths ended 31st Mar 2019 | D15: 12mth trailing D&A | E15: 12mth trailing EBITDA
A16: 2867 | B16: 729 | C16: 695 | D16: =(A16-B16+C16) -> 2833 | E16: =D12+D16 -> 44027
A18: Profit
A19: Year ended 31st Dec 2018 | B19: 3mths ended 31st Mar 2018 | C19: 3mths ended 31st Mar 2019 | D19: 12mths trailing Profit
A20: 30685 | B20: 5379 | C20: 4962 | D20: =A20-B20+C20 -> 30268
A22: Yahoo Finance
A23: Market Cap | B23: Price to Earnings Ratio | C23: Enterprise Value | D23: EV/EBITDA
A24: 2530000 | B24: =A24/D20 -> 83.586626 | C24: =A24+F4-E4 -> 2502799 | D24: =C24/E16 -> 56.846912
A26: Year ended 31st Dec 2016 | B26: Year ended 31st Dec 2017 | C26: Year ended 31st Dec 2018 | D26: Revenue CAGR
A27: 312.1 | B27: 399.6 | C27: 498.7 | D27: =(((B27-A27)/A27)+((C27-B27)/B27))/2 -> 0.26417843
A29: Gross Profit
A30: Year ended 31st Dec 2018 | B30: 3mths ended 31st Mar 2018 | C30: 3mths ended 31st Mar 2019 | D30: Gross Margins
A31: 265306 | B31: 56433 | C31: 70754 | D31: =(A31-B31+C31)/D8 -> 0.53488772

Sheet WACC
B2: No. | C2: Name | D2: Raw Beta (3Y monthly) | E2: Currency | F2: Market Cap | G2: Net Debt | H2: Effective Tax Rate | I2: Unlevered Beta | J2: Weighted Average Beta | L2: Weighted Unlevered Beta
B3: 1 | C3: ASOS | D3: 1.61 | E3: £m | F3: =ASOS!B24 -> 2179.929 | G3: =ASOS!F4-ASOS!E4 -> -22.1 | H3: 0.192 | I3: =D3/(1+(G3/F3)*(1-H3)) -> 1.6232972 | J3: =I3*(F3/SUM($F$3:$F$5)) -> 0.7689672 | L3: Relevered Beta
B4: 2 | C4: Boohoo Group PLC | D4: 2.44 | E4: £m | F4: =Boohoo!B24/1000 -> 2419.0577 | G4: =(Boohoo!F4-Boohoo!E4)/1000 -> -190.708 | H4: 0.207 | I4: =D4/(1+(G4/F4)*(1-H4)) -> 2.602713 | J4: =I4*(F4/SUM($F$3:$F$5)) -> 1.3681696 | L4: Adjusted Beta
B5: 3 | C5: Boozt AB | D5: 2.18 | E5: SEK | F5: =Boozt!B24/1000 -> 2.8644424 | G5: =(Boozt!F4-Boozt!E4)/1000 -> -0.1817 | H5: 0.138 | I5: =D5/(1+(G5/F5)*(1-H5)) -> 2.3060954 | J5: =I5*(F5/SUM($F$3:$F$5)) -> 0.0014354392
B6: 4 | C6: Mogu Inc | D6: Lack of Beta & will not ibe included | K6: New IPO?
B7: 5 | C7: Secoo Holding | D7: Lack of Beta & will not ibe included
B8: 6 | C8: Zozo | D8: Lack of Beta & will not ibe included
B9: 7 | C9: Revolve Group | H9: 0.21
H11: From Annual Report
C13: Useful Links
C14: https://seekingalpha.com/article/4270104-strong-debut-revolve-demonstrates-growing-interest-kol-led-e-commerce-chinese-peer-mogu-3
C15: https://www.caixinglobal.com/2019-06-19/growing-parade-of-china-tech-losers-line-up-for-new-york-listings-101428319.html
